 Dungeon Crawl Stone Soup version 0.20.1-1-g8b1a95d (webtiles) character file.

131819 equalderp2856 the Severer (level 16, -17/138 HPs)
             Began as a Minotaur Fighter on July 23, 2017.
             Killed from afar by a deep elf mage (34 damage)
             ... with a bolt of lightning
             ... on level 1 of the Elven Halls on July 24, 2017.
             The game lasted 04:18:14 (57760 turns).

equalderp2856 the Severer (Minotaur Fighter)       Turns: 57760, Time: 04:18:16

Health: -17/138    AC: 20    Str: 25    XL:     16   Next: 56%
Magic:  27/27      EV: 11    Int:  5    God:
Gold:   2375       SH: 19    Dex: 13    Spells: 17/31 levels left

rFire    + . .     SeeInvis .   G - +2 broad axe (flame)
rCold    . . .     Gourm    .   c - +0 shield
rNeg     . . .     Faith    .   C - +2 chain mail {rF+}
rPois    .         Spirit   .   H - +0 hat
rElec    .         Reflect  +   B - +0 cloak
rCorr    .         Harm     .   W - +0 pair of gloves
MR       +....                  g - +2 pair of boots {run}
Stlth    ..........             R - +6 amulet of reflection
Regen    0.4/turn               h - ring of wizardry
MPRegen  0.2/turn               b - ring of wizardry

@: drained, quick
A: retaliatory headbutt, horns 2
a: no special abilities


You were on level 1 of the Elven Halls.
You were not hungry.

You visited 4 branches of the dungeon, and saw 24 of its levels.
You also visited: Sewer and Volcano.

You collected 2405 gold pieces.
You spent 30 gold pieces at shops.

Inventory:

Hand Weapons
 j - a +0 shortbow of freezing
 t - a +0 trident of protection
 G - a +2 broad axe of flaming (weapon)
 J - a +2 arbalest of freezing
Missiles
 n - 5 poisoned javelins (quivered)
 o - 21 bolts
 r - 17 tomahawks
Armour
 a - a +0 robe of magic resistance
 c - a +0 shield (worn)
 e - the +4 ring mail of the Dozen Wishes {+Blink}
   (You found it on level 1 of the Lair of Beasts)

   It lets you blink.
 g - a +2 pair of boots of running (worn)
 l - a +1 robe of fire resistance
 w - a +0 troll leather armour
 B - a +0 cloak (worn)
 C - a +2 chain mail of fire resistance (worn)
 H - a +0 hat (worn)
 S - a +1 plate armour
 W - a +0 pair of gloves (worn)
Jewellery
 b - a ring of wizardry (right hand)
 h - a ring of wizardry (left hand)
 i - an uncursed amulet of regeneration
 z - a +3 ring of protection
 R - a +6 amulet of reflection (around neck)
 V - a +4 ring of strength
Wands
 y - a wand of confusion (23/48)
 I - a wand of iceblast (6/15)
 K - a wand of disintegration (16/24)
 O - a wand of digging (14/24)
 T - a wand of iceblast (15/15)
Scrolls
 m - 5 scrolls of fear
 q - a scroll of teleportation
 A - 5 scrolls of magic mapping
 E - 10 scrolls of identify
 N - 2 scrolls of fog
Potions
 d - 3 potions of magic
 k - 5 potions of agility
 p - 2 potions of curing
 u - 3 potions of resistance
 v - a potion of might
 P - 4 potions of ambrosia
Comestibles
 f - 9 bread rations


   Skills:
 + Level 11.5(10.7) Fighting
   Level 0.4(0.0) Short Blades
 + Level 15.7(15.1) Axes
 + Level 5.3(10.9) Polearms
   Level 2.5(1.8) Slings
 + Level 3.9(3.2) Crossbows
 + Level 11.4(10.6) Armour
 + Level 5.7(5.0) Dodging
 + Level 1.1(0.5) Stealth
 + Level 13.9(13.0) Shields
 * Level 8.0(7.3) Spellcasting
 * Level 8.0(7.3) Hexes
   Level 3.1(2.5) Summonings
 * Level 8.4(7.6) Translocations
 + Level 0.1(0.0) Evocations


You had 17 spell levels left.
You knew the following spells:

 Your Spells              Type           Power        Failure   Level  Hunger
a - Shroud of Golubria    Chrm/Tloc      #.........   13%         2    ###....
b - Blink                 Tloc           N/A          2%          2    ###....
c - Slow                  Hex            #.......     3%          2    ###....
d - Confuse               Hex            #.......     6%          3    ###....
e - Infusion              Chrm           #...         36%         1    #......
f - Regeneration          Chrm/Necr      #.........   71%         3    ###....
g - Confusing Touch       Hex            #.....       2%          1    #......


Dungeon Overview and Level Annotations

Branches:
Dungeon (15/15)            Temple (0/1) D:5            Lair (6/6) D:11
  Swamp (0/4) Lair:3       Spider (0/4) Lair:4        Slime (0/5) Lair:5
    Orc (2/2) D:12            Elf (1/3) Orc:2        Vaults (0/5) D:13
 Depths (0/5) D:15

Altars:
Ashenzari
Cheibriados
Gozag
Makhleb
Ru
Sif Muna
Trog
Xom
Zin
Beogh
Jiyva

Shops:
D:4 [   D:8 [   Orc:2 *=[(

Portals:
Trove: D:10 (give 19 potions of curing)

Annotations:
D:5 Menkaure
D:8 2 exclusions
D:10 1 exclusion
D:14 Roxanne
Lair:2 1 exclusion


Innate Abilities, Weirdness & Mutations

You reflexively headbutt those who attack you in melee.
You have a pair of horns on your head.


Message History

The deep elf mage casts a spell.
The deep elf mage blinks!
The deep elf mage gestures wildly while chanting.
The deep elf mage gestures at you while chanting.
The bolt of lightning misses you. The deep elf mage casts a spell at you.
The shard of ice hits you!
* * * LOW HITPOINT WARNING * * *
You block the demonic crawler's attack. x3
The deep elf mage gestures at you while chanting.
The bolt of lightning hits you!
* * * LOW HITPOINT WARNING * * *
You feel better. The demonic crawler closely misses you.
You block the demonic crawler's attack. The demonic crawler barely misses you.
The deep elf mage mumbles some strange words.
The deep elf mage blinks!
The deep elf mage points at you and mumbles some strange words.
The bolt of lightning hits the demonic crawler.
The demonic crawler resists.
The bolt of lightning hits you!
You die...

...##.# ##.......#........#
.#.##.# #.......#########.#
...##[# #.#.....# ##'## ##...?##
#.###.#.# ##...##
.#.....###.##..#.# ##.....##
.#...(.[...#...#.## ##.......##
.#.(...##..e.....e####.........##
e'.#.......e.........'.........'.
.#...>###Y.e.4.s@.####.........##
.#.#..# #.....)..## ##.......##
.#.##.# #.(......# ##.....##
##.##.###.##...### ##...##
......(...###.## ##'##
.#.##.######...## #.# ...##.#
##.....## #######.## ...##.#
#.......###........# ###.e.#
#.....>..)....##...##


You could see a demonic crawler, an orange demon, 4 deep elf magi and an ice
beast.

Vanquished Creatures
  Gastronok (Lair:1)
  2 orc warlords
  2 deep elf sorcerers (Elf:1)
  Snorg (D:11)
  A deep elf death mage (Elf:1)
  2 yaktaur captains
  2 ogre magi
  Fannar (Lair:2)
  10 hydras
  A merfolk avatar (Lair:6)
  2 catoblepae
  4 centaur warriors
  The ghost of Baril the Geomancer, a journeyman GrEE of Vehumet (D:10)
  9 two-headed ogres
  4 dancing weapons
  A death yak (Lair:6)
  A death knight (D:14)
  A queen ant (Lair:2)
  An orc high priest (Orc:2)
  Urug (Orc:1)
  2 deep elf knights (Elf:1)
  Nergalle (Orc:1)
  A fire crab (Lair:6)
  2 unseen horrors
  A sea snake (Lair:6)
  An orange crystal statue (D:10)
  3 deep elf archers (Elf:1)
  4 wizards (Volcano)
  4 orc knights (Orc:2)
  Pikel (D:7)
  4 ugly things
  2 orc sorcerers
  2 cyclopes (D:13)
  4 manticores
  18 deep elf magi
  8 slime creatures
  5 toenail golems (Volcano)
  19 elephants
  8 black mambas
  5 centaur zombies
  The ghost of equalderp2856 the Chopper, a novice MiFi (D:6)
  2 molten gargoyles (Lair:3)
  A gargoyle (D:15)
  18 spiny frogs
  2 kobold demonologists
  2 yaktaurs (D:13)
  15 komodo dragons
  4 rime drakes
  A jumping spider (Lair:4)
  A hornet (shapeshifter) (D:13)
  7 trolls
  2 wind drakes (Lair:6)
  2 polar bears
  30 blink frogs
  4 hornets
  5 dream sheep
  A hippogriff (shapeshifter) (Elf:1)
  15 hippogriffs
  Sigmund (D:5)
  A shadow (D:12)
  A redback (Lair:4)
  2 wraiths
  40 yaks
  A water elemental (Elf:1)
  The ghost of tmwrnj the Chopper, an amateur HOFi (D:3)
  A human (D:8)
  8 wyverns
  4 hogs (D:8)
  6 basilisks
  A hungry ghost (D:14)
  8 vampire mosquitoes
  2 acid dragons
  8 soldier ants
  4 wargs
  Edmund (D:5)
  20 water moccasins
  17 porcupines
  A hornet zombie (D:8)
  A sky beast (shapeshifter) (D:12)
  4 ice beasts
  35 orc warriors
  3 sky beasts
  16 ogres
  2 black bears
  3 eyes of draining
  14 centaurs
  4 wolves (Lair:2)
  2 phantoms
  12 crocodiles
  22 big kobolds
  Blork the orc (D:5)
  20 bullfrogs
  2 gnoll sergeants (D:12)
  An earth elemental (Elf:1)
  A wyvern zombie (D:9)
  A water moccasin zombie (D:6)
  3 wyvern skeletons
  5 scorpions
  15 killer bees
  5 howler monkeys
  7 wights
  8 electric eels
  10 jellies
  6 crimson imps
  4 bullfrog zombies
  9 hounds
  6 lava snakes
  22 orc priests
  33 orc wizards
  8 centaur skeletons
  2 iguanas (D:5)
  22 worker ants
  17 adders
  9 gnolls
  9 shadow imps
  13 oozes
  2 adder skeletons
  10 worms
  A dart slug (D:2)
  8 leopard geckos
  101 orcs
  8 bats
  5 giant cockroaches
  18 goblins
  9 hobgoblins
  8 jackals
  8 quokkas
  5 ball pythons
  9 frilled lizards
  49 kobolds
  A leopard gecko skeleton (D:7)
  A quokka skeleton (D:5)
  A quokka zombie (D:6)
  16 rats
  4 fungi
  4 plants
1009 creatures vanquished.

Vanquished Creatures (others)
  2 deep elf knights (Elf:1)
  A wizard (Volcano)
  2 cyclopes
  A yaktaur (D:15)
  A vampire mosquito (D:13)
  An orc warrior (Orc:2)
  2 slaves (D:7)
  A killer bee (D:7)
  2 orc wizards (D:5)
  An orc (D:14)
  5 kobolds (D:7)
  9 fungi
  19 plants
  10 toadstools (D:4)
57 creatures vanquished.

Grand Total: 1066 creatures vanquished

Notes
Turn   | Place    | Note
-------+----------+-------------------------------------------
     0 | D:1      | equalderp2856 the Minotaur Fighter began the quest for the Orb.
     0 | D:1      | Reached XP level 1. HP: 19/19 MP: 0/0
    91 | D:1      | Reached XP level 2. HP: 22/27 MP: 1/1
   102 | D:1      | Identified a +2 pair of boots of running (You found it on level 1 of the Dungeon)
   400 | D:1      | Reached XP level 3. HP: 25/33 MP: 2/2
   510 | D:2      | Reached skill level 3 in Axes
   644 | D:2      | Reached XP level 4. HP: 34/41 MP: 3/3
  1253 | D:3      | Found a glowing silver altar of Zin.
  1371 | D:3      | Found a glowing drain.
  1395 | Sewer    | Entered a sewer
  1421 | Sewer    | Reached XP level 5. HP: 47/47 MP: 4/4
  1487 | Sewer    | Reached skill level 4 in Axes
  1521 | Sewer    | Reached skill level 1 in Dodging
  1535 | Sewer    | Reached skill level 5 in Axes
  1535 | Sewer    | Reached skill level 5 in Shields
  1535 | Sewer    | Reached XP level 6. HP: 51/55 MP: 5/5
  1703 | Sewer    | Reached skill level 5 in Fighting
  2129 | D:3      | Noticed tmwrnj's ghost (amateur HOFi)
  2186 | D:3      | Killed tmwrnj's ghost
  2186 | D:3      | Reached XP level 7. HP: 37/61 MP: 6/6
  2193 | D:3      | Reached skill level 6 in Axes
  2235 | D:3      | Learned a level 2 spell: Call Imp
  2563 | D:3      | Found an opulent altar of Gozag.
  2566 | D:3      | Found a sacrificial altar of Ru.
  3310 | D:4      | Found Tiblu's Antique Armour Emporium.
  3345 | D:4      | Reached skill level 5 in Armour
  4262 | D:4      | Reached skill level 1 in Summonings
  4487 | D:5      | Entered Level 5 of the Dungeon
  4544 | D:5      | Reached skill level 1 in Spellcasting
  4544 | D:5      | Reached XP level 8. HP: 69/69 MP: 8/8
  4560 | D:5      | Reached skill level 7 in Axes
  4603 | D:5      | Noticed Blork the orc
  4613 | D:5      | Killed Blork the orc
  4875 | D:5      | Found a deep blue altar of Sif Muna.
  4942 | D:5      | Learned a level 2 spell: Blink
  5053 | D:5      | Found a shimmering altar of Xom.
  5369 | D:5      | Noticed Edmund
  5371 | D:5      | Noticed Sigmund
  5387 | D:5      | Killed Edmund
  5398 | D:5      | Killed Sigmund
  5398 | D:5      | Reached skill level 8 in Axes
  5408 | D:5      | Noticed Menkaure
  5744 | D:5      | Identified Sif Muna's Handbook of Bewitchment
  5867 | D:5      | Reached skill level 1 in Slings
  6303 | D:6      | Reached XP level 9. HP: 66/75 MP: 10/10
  6395 | D:6      | Found a bloodstained altar of Trog.
  6562 | D:6      | Noticed equalderp2856's ghost (novice MiFi)
  6583 | D:6      | Killed equalderp2856's ghost
  6935 | D:6      | Reached skill level 9 in Axes
  7750 | D:6      | Learned a level 2 spell: Slow
  7754 | D:6      | Learned a level 3 spell: Confuse
  7848 | D:7      | Learned a level 1 spell: Infusion
  7852 | D:7      | Learned a level 3 spell: Regeneration
  7988 | D:7      | Got a twitching golden ring
  7989 | D:7      | Identified the ring "Dosoppu" {*Slow rElec AC+5 Dex-4 Stlth+} (You found it on level 7 of the Dungeon)
  8046 | D:7      | Noticed Pikel
  8058 | D:7      | Killed Pikel
  8058 | D:7      | Reached skill level 1 in Stealth
  8058 | D:7      | Reached skill level 1 in Hexes
  8058 | D:7      | Reached skill level 1 in Translocations
  8558 | D:7      | Reached XP level 10. HP: 78/84 MP: 13/13
  8628 | D:7      | Paralysed by a hornet for 3 turns
  8689 | D:7      | Killed an unseen horror
  9442 | D:8      | Noticed a moth of wrath
  9481 | D:8      | Reached skill level 10 in Axes
  9747 | D:8      | Noticed a two-headed ogre
 10228 | D:5      | Found a staircase to the Ecumenical Temple.
 11641 | D:8      | Found a bloodstained altar of Trog.
 12291 | D:7      | Reached skill level 1 in Crossbows
 13037 | D:8      | Found Fijeehex's Armour Emporium.
 14063 | D:9      | Noticed a two-headed ogre
 14074 | D:9      | Killed a two-headed ogre
 14074 | D:9      | Reached XP level 11. HP: 84/92 MP: 14/16
 14741 | D:9      | Found a snail-covered altar of Cheibriados.
 14742 | D:9      | Found a shattered altar of Ashenzari.
 14743 | D:9      | Found a burning altar of Makhleb.
 14866 | D:10     | Entered Level 10 of the Dungeon
 14900 | D:10     | Found a portal to a secret trove of treasure.
 15169 | D:10     | Noticed Baril's ghost (journeyman GrEE)
 15179 | D:10     | Noticed an orange crystal statue
 15237 | D:10     | Killed Baril's ghost
 16039 | D:11     | Reached skill level 11 in Axes
 16161 | D:11     | Noticed a six-headed hydra
 16782 | D:11     | Noticed a seven-headed hydra
 16976 | D:11     | Noticed Snorg
 16998 | D:11     | Killed Snorg
 17173 | D:11     | Found a staircase to the Lair.
 17455 | Lair:1   | Entered Level 1 of the Lair of Beasts
 17598 | Lair:1   | Found a dark tunnel.
 17668 | Volcano  | Entered a volcano
 17673 | Volcano  | Noticed a wizard
 17699 | Volcano  | Killed a wizard
 17956 | Volcano  | Noticed a wizard
 17964 | Volcano  | Killed a wizard
 17988 | Volcano  | Noticed a wizard
 17996 | Volcano  | Killed a wizard
 18277 | Volcano  | Noticed a mace of flaming
 18295 | Volcano  | Killed a mace of flaming
 18295 | Volcano  | Reached skill level 12 in Axes
 18295 | Volcano  | Reached XP level 12. HP: 83/102 MP: 18/18
 19933 | Lair:1   | Noticed a seven-headed hydra
 20194 | Lair:1   | Reached skill level 10 in Shields
 20526 | Lair:1   | Got a jewelled ring mail
 20621 | Lair:1   | Identified the +4 ring mail of the Dozen Wishes {+Blink} (You found it on level 1 of the Lair of Beasts)
 20974 | Lair:2   | Noticed a six-headed hydra
 21004 | Lair:2   | Killed a six-headed hydra
 21004 | Lair:2   | Reached skill level 1 in Polearms
 21004 | Lair:2   | Reached skill level 5 in Spellcasting
 21623 | Lair:2   | Reached skill level 5 in Translocations
 22020 | Lair:2   | Noticed a queen ant
 22041 | Lair:2   | Killed a queen ant
 22389 | Lair:2   | Noticed Gastronok
 24193 | Lair:1   | Killed an eight-headed hydra
 24551 | Lair:1   | Reached XP level 13. HP: 110/110 MP: 20/20
 24566 | Lair:1   | Killed Gastronok
 24762 | Lair:3   | Reached skill level 5 in Hexes
 24832 | Lair:3   | Noticed Fannar
 25325 | Lair:2   | Killed Fannar
 25325 | Lair:2   | Reached skill level 13 in Axes
 27746 | Lair:4   | Found a hole to the Spider Nest.
 29618 | Lair:3   | Found a staircase to the Swamp.
 29985 | Lair:5   | Found a viscous altar of Jiyva.
 29985 | Lair:5   | Found a staircase to the Slime Pits.
 30262 | Lair:5   | Got a heavily jewelled robe
 30276 | Lair:5   | Identified the +1 robe of the Quahog {rCorr} (You found it on level 5 of the Lair of Beasts)
 32707 | Lair:4   | Reached XP level 14. HP: 99/118 MP: 22/22
 33443 | Lair:6   | Entered Level 6 of the Lair of Beasts
 33955 | Lair:6   | Paralysed by a hornet for 1 turns
 34473 | Lair:5   | Reached skill level 10 in Armour
 35729 | Lair:6   | Reached skill level 14 in Axes
 36391 | Lair:6   | Reached skill level 10 in Fighting
 40502 | Lair:1   | Learned a level 2 spell: Shroud of Golubria
 40504 | Lair:1   | Learned a level 1 spell: Confusing Touch
 42314 | D:11     | Reached skill level 5 in Dodging
 42669 | D:10     | Reached XP level 15. HP: 98/126 MP: 24/24
 42905 | D:10     | Identified Cigan's Collected Works on Attacks
 43418 | D:12     | Found a staircase to the Orcish Mines.
 45943 | D:13     | Found a gate to the Vaults.
 46826 | D:14     | Found an opulent altar of Gozag.
 47009 | D:14     | Noticed Roxanne
 47413 | D:14     | Reached skill level 5 in Polearms
 48192 | D:15     | Entered Level 15 of the Dungeon
 49287 | D:15     | Found a staircase to the Depths.
 51690 | Orc:1    | Entered Level 1 of the Orcish Mines
 51743 | Orc:1    | Reached skill level 15 in Axes
 52040 | Orc:2    | Entered Level 2 of the Orcish Mines
 52343 | Orc:2    | Noticed Urug
 52694 | Orc:1    | Killed Urug
 52960 | Orc:2    | Found a staircase to the Elven Halls.
 53120 | Orc:2    | Noticed an orc warlord
 53243 | Orc:1    | Noticed an orc warlord
 53266 | Orc:1    | Reached XP level 16. HP: 107/136 MP: 26/26
 53733 | Orc:2    | Noticed Nergalle
 53878 | Orc:1    | Killed Nergalle
 53990 | Orc:2    | Paralysed by an orc sorcerer for 4 turns
 54341 | Orc:2    | Found a roughly hewn altar of Beogh.
 54660 | Orc:2    | Found Vipetz's Antique Weapon Shoppe.
 54692 | Orc:2    | Found Wonelaji's Jewellery Shoppe.
 54715 | Orc:2    | Found Upsoewku's General Store.
 54740 | Orc:2    | Found Jeopnav's Antique Armour Shoppe.
 54935 | Orc:2    | Bought a scroll of identify for 30 gold pieces
 55474 | Elf:1    | Entered Level 1 of the Elven Halls
 57334 | Elf:1    | Identified the Handbook of Conjuration
 57760 | Elf:1    | Killed from afar by a deep elf mage

Skill      XL: |  1  2  3  4  5  6  7  8  9 10 11 12 13 14 15 16 |
---------------+-------------------------------------------------+-----
Fighting       | 4 5 6 7 8 9 10 11 | 11.5
Shields        | 4 5 6 7 8 9 11 12 13 | 13.9
Axes           | 3 5 6 8 9 10 12 13 14 15 | 15.7
Armour         | 4 5 6 7 8 9 10 11 | 11.4
Dodging        | 1 2 3 4 5 |  5.7
Summonings     | 1 2 3 |  3.1
Spellcasting   | 1 3 4 5 6 7 8 |  8.0
Slings         | 2 |  2.5
Stealth        | 1 |  1.1
Hexes          | 1 2 3 4 5 6 7 8 |  8.0
Translocations | 1 3 4 5 6 7 8 |  8.4
Crossbows      | 2 3 |  3.9
Polearms       | 2 3 4 5 |  5.3
Short Blades   | |  0.4
Evocations     | |  0.1

Action                   |  1- 3 |  4- 6 |  7- 9 | 10-12 | 13-15 | 16-18 || total
-------------------------+-------+-------+-------+-------+-------+-------++-------
Melee: War axe           |    69 |   216 |   353 |   628 |       |       ||  1266
       Headbutt          |    10 |    29 |    75 |   212 |   396 |    89 ||   811
       Short sword       |       |       |    30 |       |       |       ||    30
       Staff             |       |       |     3 |       |       |       ||     3
       Trident           |       |       |       |    88 |   253 |       ||   341
       Broad axe         |       |       |       |   183 |  1197 |   395 ||  1775
       Unarmed           |       |       |       |       |       |     9 ||     9
 Fire: Hunting sling     |       |       |    38 |       |       |       ||    38
       Hand crossbow     |       |       |       |   131 |       |       ||   131
       Arbalest          |       |       |       |       |    93 |       ||    93
Throw: Tomahawk          |       |       |     4 |       |       |       ||     4
       Stone             |       |       |       |     1 |       |       ||     1
 Cast: Blink             |       |       |     2 |     9 |     9 |       ||    20
       Call Imp          |       |       |     9 |       |       |       ||     9
       Confuse           |       |       |       |       |     9 |       ||     9
       Confusing Touch   |       |       |       |       |       |     3 ||     3
 Abil: Evoke Blink       |       |       |       |     3 |       |       ||     3
Evoke: Wand              |       |       |     1 |       |     2 |     1 ||     4
  Use: Potion            |       |     2 |     1 |     5 |     8 |     1 ||    17
       Scroll            |       |       |    11 |     9 |     8 |     2 ||    30
  Eat: Chunk             |       |     2 |     9 |    23 |    43 |    12 ||    89
       Fruit             |       |     2 |       |     2 |    16 |       ||    20
       Meat ration       |       |       |     2 |     1 |     5 |       ||     8
       Bread ration      |       |       |     1 |     1 |     2 |     1 ||     5
       Royal jelly       |       |       |       |     6 |       |       ||     6
Armor: Scale mail        |    38 |    78 |    36 |       |       |       ||   152
       Plate armour      |       |       |   142 |   355 |       |       ||   497
       Robe              |       |       |     6 |    33 |     8 |       ||    47
       Skin              |       |       |     3 |     1 |       |       ||     4
       Chain mail        |       |       |       |    38 |   586 |   118 ||   742
       Ring mail         |       |       |       |    30 |       |       ||    30
       Leather armour    |       |       |       |     6 |       |       ||     6
Dodge: Dodged            |    21 |    56 |   106 |   263 |   435 |   107 ||   988
Block: Shield            |    55 |    92 |   202 |   809 |  1466 |   374 ||  2998
       Reflection        |       |       |       |     6 |    72 |    26 ||   104
       Other             |       |       |       |       |    37 |       ||    37
